 Dungeon Crawl Stone Soup version 0.23.0 (webtiles) character file.

Game seed: 6803839829341842420

144 mitkoXXVII the Skirmisher (level 5, -2/42 HPs)
             Began as a Formicid Abyssal Knight on Feb 15, 2019.
             Was an Initiate of Lugonu.
             Slain by a centaur (6 damage)
             ... on level 6 of the Dungeon.
             The game lasted 00:05:07 (655 turns).

mitkoXXVII the Skirmisher (Formicid Abyssal Knight)  Turns: 655, Time: 00:05:09

Health: -2/42      AC:  3    Str: 18    XL:     5   Next: 52%
Magic:  7/7        EV: 11    Int: 11    God:    Lugonu [......]
Gold:   0          SH:  0    Dex: 10    Spells: 4/4 levels left

rFire    . . .     SeeInvis +   a - +1 hand axe
rCold    . . .     Gourm    .   (no shield)
rNeg     . . .     Faith    .   b - +0 leather armour
rPois    .         Spirit   .   (helmet unavailable)
rElec    .         Reflect  .   (no cloak)
rCorr    .         Harm     .   (no gloves)
MR       .....                  (no boots)
Stlth    +.........             (no amulet)
HPRegen  0.14/turn              (no ring)
MPRegen  0.10/turn              (no ring)

@: no status effects
A: permanent stasis, dig shafts and tunnels, four strong arms, antennae 3
a: Dig, Shaft Self, Renounce Religion


You were on level 6 of the Dungeon.
You worshipped Lugonu.
Lugonu was noncommittal.
You were not hungry.

You visited 2 branches of the dungeon, and saw 5 of its levels.
You visited the Abyss 1 time.

Inventory:

Hand Weapons
 a - a +1 hand axe (weapon)
Armour
 b - a +0 leather armour (worn)
Comestibles
 c - a ration


   Skills:
 + Level 4.2 Fighting
 + Level 3.1 Axes
 + Level 3.4 Armour
 - Level 0.8 Dodging
 + Level 3.6 Invocations


You had 4 spell levels left.
You didn't know any spells.
Your spell library was empty.

Dungeon Overview and Level Annotations

Branches:
Dungeon (6/15)             Temple (1/1) D:6

Altars:
Ashenzari
Cheibriados
Elyvilon
Gozag
Xom
Yredelemnul
Zin


Innate Abilities, Weirdness & Mutations

You cannot be hasted, slowed, berserked, paralysed or teleported.
You can dig through walls and to a lower floor.
Your four strong arms can wield two-handed weapons with a shield.
You have a pair of large antennae on your head. (SInv)


Message History

* * * LOW HITPOINT WARNING * * *
The crimson imp barely misses you. The centaur closely misses you.
The jackal bites you.
* * * LOW HITPOINT WARNING * * *
The jackal bites you.
* * * LOW HITPOINT WARNING * * *
You hit the centaur.
The centaur is moderately wounded.
You hit the jackal.
You kill the jackal!
Lugonu accepts your kill.
You barely miss the crimson imp. You slash the jackal!
You kill the jackal!
Lugonu accepts your kill. The centaur hits you.
* * * LOW HITPOINT WARNING * * *
The crimson imp shouts, "Run away, thou simpering moldwarp nightsoil!"
The crimson imp closely misses you. The jackal closely misses you.
The centaur hits you.
You die...

#####.# ####......# ###
..(. #.... ..# ###..
#...## #.#
#....###...###.# #####.
.....(h....##.# #.....
#.....#...#.###.###.
#..5h.###.†.....#
.#..@..#...#.##.†#
#.......c.(..##.##.o#
......###...###.##..###.
#.##.. #...## #.........
. ##. #..## ##....#### .
...## #.##.# #....
#.##.# .... #.##.# #....
#.##.. {


You could see a centaur, a crimson imp and 2 jackals.

Vanquished Creatures
  A sky beast (D:6)
  A hound (Temple)
  6 jackals
8 creatures vanquished.

Vanquished Creatures (collateral kills)
  A bullfrog (D:6)
1 creature vanquished.

Grand Total: 9 creatures vanquished

Notes
Turn   | Place    | Note
-------+----------+-------------------------------------------
     0 | Abyss:1  | mitkoXXVII the Formicid Abyssal Knight began the quest for
                  | the Orb.
     0 | Abyss:1  | Reached XP level 1. HP: 18/18 MP: 2/2
     0 | D:1      | Escaped the Abyss
   302 | D:2      | You fall through a shaft!
   305 | D:3      | You fall through a shaft for 3 floors!
   305 | D:6      | Noticed a bullfrog
   313 | D:6      | Killed a bullfrog
   313 | D:6      | Reached XP level 2. HP: 25/25 MP: 4/4
   313 | D:6      | Reached XP level 3. HP: 30/30 MP: 5/5
   325 | D:6      | Noticed a sky beast
   338 | D:6      | Killed a sky beast
   338 | D:6      | Reached skill level 4 in Fighting
   338 | D:6      | Reached XP level 4. HP: 37/37 MP: 6/6
   338 | D:6      | Reached XP level 5. HP: 42/42 MP: 7/7
   343 | D:6      | Found a staircase to the Ecumenical Temple.
   348 | Temple   | Entered the Ecumenical Temple
   421 | D:6      | Noticed a centaur
   655 | D:6      | Slain by a centaur

Skill      XL: |  1  2  3 |
---------------+----------+-----
Fighting       | 4 |  4.2
Axes           | 3 |  3.1
Armour         | 3 |  3.4
Invocations    | 3 |  3.6
Dodging        | |  0.8

Action                   |  1- 3 |  4- 6 || total
-------------------------+-------+-------++-------
Melee: Hand axe          |    17 |     9 ||    26
Invok: Depart the Abyss  |     1 |       ||     1
 Abil: Shaft Self        |     2 |       ||     2
  Use: Scroll            |     1 |       ||     1
Armor: Leather armour    |     8 |     1 ||     9
Dodge: Dodged            |    33 |    17 ||    50
